 Dungeon Crawl Stone Soup version 0.32-a0-986-ga09f62fbf4 (webtiles) character file.

Game seed: 789874110535289672

701861 BubbleThief the Annihilator (level 27, -7/248 HPs)
             Began as a Naga Alchemist on Apr 18, 2024.
             Was an Initiate of Gozag.
             Mangled by a searing wretch (16 damage)
             ... on level 25 of a ziggurat on Apr 22, 2024.
             The game lasted 06:04:49 (86122 turns).

BubbleThief the Annihilator (Naga Alchemist)       Turns: 86122, Time: 06:04:50

Health: -7/248     AC: 28    Str: 13    XL:     27
Magic:  16/53      EV:  6    Int: 42    God:    Gozag
Gold:   18354      SH: 19    Dex: 17    Spells: 17/78 levels left

rFire   + + +        c - staff of the Evening {rF+ Int+2 Fire}
rCold   + + +        P - +1 kite shield {rN+}
rNeg    + + +        n - +4 skin of Zhor {*Englaciate rC+++ SInv}
rPois   +            N - +3 crown of Dyrovepreva {rElec Int+2 SInv}
rElec   +            G - scarf of an ice cave {shadows, rF++ Dex+4 SInv}
rCorr   +            Y - +3 pair of gauntlets of War {Slay+5}
SInv    +            X - +1 barding {rF+}
Will    +++..        F - amulet "Jinewn" {rN++ Regen+ rCorr}
Stlth   ++           S - +6 ring of intelligence
HPRegen 1.41/turn    C - ring of Egepiyngun {rElec Int+6}
MPRegen 0.33/turn

%: clarity
@: brilliant, gold aura, raining reagents, very slightly contaminated, studying
3 skills, very slow
A: AC +9, large, see invisible, deformed body, poison resistance, slowness 2,
spit poison 2, naga tail 2, iridescent scales 1, large bone plates 1, clarity,
inability to drink after injury 1
}: 4/15 runes: serpentine, barnacled, slimy, silver
a: Breathe Poison Gas, Renounce Religion, Potion Petition, Call Merchant, Bribe
Branch


You were on level 25 of a ziggurat.
You worshipped Gozag.
Gozag was extremely pleased with you.
You visited 11 branches of the dungeon, and saw 49 of its levels.
You visited 1 bazaar.
You visited 1 ziggurat, and saw 25 of its levels.
You also visited: Wizlab.

You collected 34499 gold pieces.
You spent 7982 gold pieces at shops.
You paid 8163 gold pieces to Gozag.

Inventory:

Hand Weapons
 k - a +0 quick blade of protection
 z - the +6 Majin-Bo {spellvamp, MP+6 Int+6}
   (You took it off a Hellbinder in a wizard's laboratory)

   Int+6:     It affects your intelligence (+6).
   MP+6:      It affects your magic capacity (+6).
Armour
 l - the +4 robe of Folly {Brill Will-∞ Int+8}
   (You found it on level 5 of a ziggurat)

   Brill:     It increases the power of your magical spells and halves their MP
   cost (rounding up).
   Will-∞: It reduces your willpower to zero.
   Int+8:     It affects your intelligence (+8).
 n - the +4 skin of Zhor (worn) {*Englaciate rC+++ SInv}
   (You took it off a yaktaur on level 4 of the Vaults)

   *Englaciate: It radiates cold, occasionally slowing all nearby creatures who
   are not resistant to cold.
   rC+++:     It renders you almost immune to cold.
   SInv:      It lets you see invisible.
 A - the +7 ice dragon scales of Dramatic Exits {rF- rC++ Will+ rCorr}
   (You found it on level 9 of a ziggurat)

   rF-:       It makes you vulnerable to fire.
   rC++:      It greatly protects you from cold.
   Will+:     It increases your willpower.
   rCorr:     It protects you from acid and corrosion.
 G - the scarf of an ice cave (worn) {shadows, rF++ Dex+4 SInv}
   (You found it on level 17 of a ziggurat)

   Dex+4:     It affects your dexterity (+4).
   rF++:      It greatly protects you from fire.
   SInv:      It lets you see invisible.
 N - the +3 crown of Dyrovepreva (worn) {rElec Int+2 SInv}
   (You bought it in a shop in a bazaar)

   Int+2:     It affects your intelligence (+2).
   rElec:     It insulates you from electricity.
   SInv:      It lets you see invisible.
 P - a +1 kite shield of positive energy (worn)
 U - the +3 warlock's mirror {omnireflect}
   (You found it on level 23 of a ziggurat)

   Omnireflect: It can block and reflect piercing ranged attacks and magical
   attacks against the wielder's willpower.
 X - a +1 barding of fire resistance (worn)
 Y - the +3 pair of gauntlets of War (worn) {Slay+5}
   (You bought it in a shop on level 1 of the Snake Pit)

   Slay+5:    It affects your accuracy & damage with ranged weapons and melee
   (+5).
Magical Staves
 c - the staff of the Evening (weapon) {rF+ Int+2 Fire}
   (You found it on level 10 of a ziggurat)

   [staff of fire]

   Base accuracy: +5 Base damage: 5 Base attack delay: 1.2 This weapon's minimum
   attack delay (0.6) is reached at skill level 12.
   Int+2:     It affects your intelligence (+2).
   rF+:       It protects you from fire.
   Fire:      It increases the power of your Fire spells.
   It falls into the 'Staves' category.
   It is a one-handed weapon.
Jewellery
 m - the ring of the Pariah {rElec rF++ rC- rCorr SInv}
   (You found it on level 19 of a ziggurat)

   [ring of resist corrosion]

   rF++:      It greatly protects you from fire.
   rC-:       It makes you vulnerable to cold.
   rElec:     It insulates you from electricity.
   SInv:      It lets you see invisible.
   rCorr:     It protects you from acid and corrosion.
 q - the amulet of the Four Winds {rN+ Will+++ Clar}
   (You found it on level 18 of a ziggurat)

   [amulet of nothing]

   rN+:       It protects you from negative energy.
   Will+++:   It greatly increases your willpower.
   Clar:      It protects you from confusion, rage, mesmerisation and fear.
 r - the ring "Ikamy" {rC+ EV+5 Int+2}
   (You found it on level 14 of a ziggurat)

   [ring of evasion]

   EV+5:      It affects your evasion (+5).
   Int+2:     It affects your intelligence (+2).
   rC+:       It protects you from cold.
 C - the ring of Egepiyngun (right hand) {rElec Int+6}
   (You found it on level 19 of a ziggurat)

   [ring of intelligence]

   Int+6:     It affects your intelligence (+6).
   rElec:     It insulates you from electricity.
 F - the amulet "Jinewn" (around neck) {rN++ Regen+ rCorr}
   (You acquired it in a wizard's laboratory)

   [amulet of regeneration]

   rN++:      It greatly protects you from negative energy.
   Regen+:    It increases your rate of health regeneration.
   rCorr:     It protects you from acid and corrosion.
 K - the amulet of Woitz {Faith rC++ Int-2 Slay+6}
   (You found it on level 4 of the Vaults)

   [amulet of faith]

   Faith:     It allows you to gain divine favour quickly.
   Int-2:     It affects your intelligence (-2).
   Slay+6:    It affects your accuracy & damage with ranged weapons and melee
   (+6).
   rC++:      It greatly protects you from cold.
 S - a +6 ring of intelligence (left hand)
 Z - the ring of the Modern Invaders {rElec rC+ rN+ SInv}
   (You took it off a deep elf knight on level 3 of the Elven Halls)

   [ring of protection from cold]

   rC+:       It protects you from cold.
   rElec:     It insulates you from electricity.
   rN+:       It protects you from negative energy.
   SInv:      It lets you see invisible.
Wands
 o - a wand of roots (83)
 p - a wand of mindburst (53)
 J - a wand of light (29)
 Q - a wand of paralysis (66)
 T - a wand of digging (19)
Scrolls
 d - 30 scrolls of teleportation
 f - 51 scrolls of identify
 u - 8 scrolls of amnesia
 v - 5 scrolls of summoning
 y - 12 scrolls of blinking
 H - 17 scrolls of fog
 I - 12 scrolls of revelation
 R - 15 scrolls of enchant weapon
 V - 15 scrolls of enchant armour
Potions
 a - 6 potions of brilliance
 b - 13 potions of magic
 e - 20 potions of curing
 g - 8 potions of cancellation
 h - 6 potions of might
 j - 7 potions of resistance
 s - 2 potions of enlightenment
 w - 8 potions of lignification
 x - 15 potions of mutation
 B - 8 potions of haste
 E - 11 potions of heal wounds
 O - 2 potions of invisibility
Miscellaneous
 t - a Gell's gravitambourine (inert)
 D - a box of beasts (inert)
 L - a lightning rod (inert)
 M - a phantom mirror (inert)
 W - a tin of tremorstones (inert)


   Skills:
 + Level 15.1 Fighting
 - Level 1.5 Dodging
 - Level 3.0 Stealth
 - Level 15.0 Shields
 - Level 26.0 Spellcasting
 O Level 27 Conjurations
 O Level 27 Fire Magic
 - Level 12.0 Air Magic
 - Level 9.0 Alchemy
 - Level 12.5 Evocations


You had 17 spell levels left.
You knew the following spells:

 Your Spells              Type           Power      Damage    Failure   Level
a - Fire Storm            Conj/Fire      94%        8d24      1%          9
b - Mephitic Cloud        Conj/Alch/Air  100%       N/A       0%          3
c - Olgreb's Toxic Radia  Alch           100%       N/A       1%          4
d - Sticky Flame          Fire/Alch      100%       2d15      0%          4
e - Yara's Violent Unrav  Hex/Alch       47%        3d18      2%          5
f - Starburst             Conj/Fire      94%        6d23      0%          6
g - Ignite Poison         Fire/Alch      100%       N/A       0%          4
h - Maxwell's Capacitive  Air            62%        ∞         26%         8
i - Freezing Cloud        Conj/Ice/Air   64%        6-21      1%          5
j - Irradiate             Conj/Alch      71%        3d35      0%          5
k - Fulsome Fusillade     Conj/Alch      71%        (3-5)d19  2%          8

Your spell library contained the following spells:

 Spells                   Type           Power      Damage    Failure   Level
 Foxfire                  Conj/Fire      100%       2x1d9     0%          1
 Kiss of Death            Conj/Necr      100%       2d13      0%          1
 Magic Dart               Conj           100%       1d8       0%          1
 Shock                    Conj/Air       100%       1d9       0%          1
 Sting                    Conj/Alch      100%       1d9       0%          1
 Mercury Vapours          Alch/Air       100%       N/A       0%          2
 Momentum Strike          Conj/Tloc      100%       3d10      0%          2
 Searing Ray              Conj           100%       2d8       0%          2
 Static Discharge         Conj/Air       100%       3-8/arc   0%          2
 Dazzling Flash           Conj/Hex       100%       N/A       0%          3
 Hailstorm                Conj/Ice       100%       3d16      0%          3
 Inner Flame              Hex/Fire       100%       N/A       0%          3
 Stone Arrow              Conj/Erth      100%       3d13      0%          3
 Swiftness                Air            100%       N/A       0%          3
 Volatile Blastmotes      Fire/Tloc      100%       2d18      0%          3
 Fulminant Prism          Conj/Alch      71%        3d30      0%          4
 Arcjolt                  Conj/Air       72%        1d82      0%          5
 Iskenderun's Battlesphe  Conj           100%       2d15      0%          5
 Orb of Destruction       Conj           80%        9d18      0%          7
 Necrotise                Necr           100%       1d9       1%          1
 Sandblast                Erth           100%       2d20      1%          1
 Slow                     Hex            100%       N/A       1%          1
 Summon Small Mammal      Summ           100%       N/A       1%          1
 Blink                    Tloc           100%       N/A       1%          2
 Call Imp                 Summ           100%       N/A       1%          2
 Cigotuvi's Dreadful Rot  Necr/Alch/Air  100%       N/A       1%          2
 Ensorcelled Hibernation  Hex/Ice        100%       N/A       1%          2
 Jinxbite                 Hex            100%       N/A       1%          2
 Lesser Beckoning         Tloc           100%       N/A       1%          2
 Sublimation of Blood     Necr           69%        N/A       1%          2
 Call Canine Familiar     Summ           69%        N/A       1%          3
 Confusing Touch          Hex            69%        N/A       1%          3
 Fugue of the Fallen      Necr           69%        N/A       1%          3
 Maxwell's Portable Pile  Tloc           69%        2d(12-34) 1%          3
 Ozocubu's Armour         Ice            69%        N/A       1%          3
 Passwall                 Erth           69%        N/A       1%          3
 Sigil of Binding         Hex            69%        N/A       1%          3
 Summon Ice Beast         Ice/Summ       69%        N/A       1%          3
 Teleport Other           Tloc           69%        N/A       1%          3
 Tukima's Dance           Hex            69%        N/A       1%          3
 Vampiric Draining        Necr           69%        2d10      1%          3
 Airstrike                Air            62%        2d(9-25)  1%          4
 Iskenderun's Mystic Bla  Conj/Tloc      100%       2d19      (+2d11%     4
 Petrify                  Alch/Erth      95%        N/A       1%          4
 Summon Blazeheart Golem  Fire/Summ      100%       N/A       1%          4
 Summon Lightning Spire   Summ/Air       100%       N/A       1%          4
 Vhi's Electric Charge    Tloc/Air       100%       N/A       1%          4
 Alistair's Intoxication  Alch           76%        N/A       1%          5
 Silence                  Hex/Air        51%        N/A       1%          5
 Conjure Ball Lightning   Conj/Air       72%        3x3d27    1%          6
 Eringya's Noxious Bog    Alch           57%        4d6       1%          6
 Plasma Beam              Fire/Air       85%        2x1d104   1%          6
 Ignition                 Fire           94%        3d24      1%          8
 Anguish                  Hex/Necr       34%        N/A       5%          4
 Animate Armour           Summ/Erth      100%       N/A       5%          4
 Cause Fear               Hex            34%        N/A       5%          4
 Dimensional Bullseye     Hex/Tloc       34%        N/A       5%          4
 Dispel Undead            Necr           69%        3d23      5%          4
 Martyr's Knell           Necr/Summ      69%        N/A       5%          4
 Sculpt Simulacrum        Ice/Alch       47%        N/A       13%         6
 Borgnjor's Vile Clutch   Necr/Erth      34%        N/A       16%         5
 Curse of Agony           Necr           69%        N/A       16%         5
 Metabolic Englaciation   Hex/Ice        34%        N/A       16%         5
 Summon Forest            Summ/Tloc      34%        N/A       16%         5
 Summon Mana Viper        Hex/Summ       69%        N/A       16%         5
 Chain Lightning          Conj/Air       72%        3d96      19%         9
 Magnavolt                Erth/Air       51%        3d21      36%         7
 Death Channel            Necr           34%        N/A       63%         6
 Dispersal                Tloc           34%        N/A       63%         6
 Gell's Gavotte           Tloc           34%        2d(26-39) 63%         6
 Permafrost Eruption      Ice/Erth       34%        2x4d8     63%         6
 Summon Cactus Giant      Summ           34%        N/A       63%         6
 Enfeeble                 Hex            34%        N/A       99%         7
 Haunt                    Necr/Summ      34%        N/A       99%         7
 Malign Gateway           Summ/Tloc      34%        N/A       99%         7
 Manifold Assault         Tloc           34%        N/A       99%         7
 Monstrous Menagerie      Summ           34%        N/A       99%         7
 Ozocubu's Refrigeration  Ice            34%        4d15      99%         7
 Rimeblight               Ice/Necr       34%        2d7       (prima99%   7
 Summon Hydra             Summ           34%        N/A       99%         7
 Borgnjor's Revivificati  Necr           34%        N/A       100%        8
 Discord                  Hex            34%        N/A       100%        8
 Disjunction              Tloc           34%        N/A       100%        8
 Infestation              Necr           34%        N/A       100%        8
 Death's Door             Necr           34%        N/A       100%        9
 Dragon's Call            Summ           34%        N/A       100%        9
 Polar Vortex             Ice            34%        12d4*     100%        9
 Shatter                  Erth           34%        3d28*     100%        9
 Animate Dead             Necr           Unusable   N/A       N/A         4

Dungeon Overview and Level Annotations

Branches:
Dungeon (15/15)            Temple (0/1) D:6            Lair (5/5) D:10
 Shoals (4/4) Lair:3        Snake (4/4) Lair:3        Slime (5/5) Lair:5
    Orc (2/2) D:9             Elf (3/3) Orc:2        Vaults (5/5) D:13
  Crypt (1/3) Vaults:3     Depths (4/4) D:15            Zot (1/5) Depths:4
 WizLab (visited)

Altars:
Ashenzari
Elyvilon
Gozag
Hepliaklqana
Okawaru
Ru
Sif Muna
Trog
Wu Jian
The Shining One
Jiyva

Shops:
D:6 (   D:10 =[   D:11 =:   D:15 (   Orc:2 *([:(   Elf:2 *   Lair:5 [
Shoals:2 *   Shoals:3 :   Snake:1 *=   Snake:3 :?[*(   Snake:4 *   Vaults:3 ?
Depths:1 :   Depths:4 [

Portals:
Hell: Depths:1 Depths:2 Depths:3 Depths:4
Abyss: Depths:1 Depths:2 Depths:3
Pandemonium: Depths:2

Annotations:
Orc:1 exclusion: oklob plant
Zot:1 Vv


Innate Abilities, Weirdness & Mutations

Your serpentine skin is tough. (AC +9)
You have supernaturally acute eyesight. (SInv)
Armour fits poorly on your strangely shaped body.
Your system is resistant to poisons. (rPois)
You cover ground very slowly.
You can exhale a cloud of poison.
You can use your snake-like lower body to constrict enemies.
You are partially covered in iridescent scales. (AC +2)
You are partially covered in large bone plates. (SH +4)
You possess an exceptional clarity of mind.
You occasionally lose the ability to drink potions when taking damage.


Message History

You are very lightly contaminated with residual magic.
Flasks of reagents rain from above!
The fiery phlogiston engulfs the Brimstone Fiend.
The Brimstone Fiend completely resists.
The unstable reaction engulfs the hellephant!!
The hellephant is almost dead.
The hellephant is no longer distracted by gold.
The hellephant looks weaker.
The fiery phlogiston engulfs the searing wretch.
The searing wretch completely resists.
The searing wretch is almost destroyed.
The unstable reaction engulfs the Brimstone Fiend!!!
The Brimstone Fiend is heavily wounded.
The unstable reaction engulfs the Brimstone Fiend!!
The Brimstone Fiend is severely wounded.
The Brimstone Fiend is no longer distracted by gold.
The Brimstone Fiend is moving more slowly.
The unstable reaction engulfs the hellephant!!
The hellephant is lightly wounded.
The noxious sulfur engulfs the searing wretch!
The searing wretch partially resists.
The searing wretch is almost destroyed.
The noxious sulfur engulfs the tormentor!
The tormentor partially resists.
The tormentor is poisoned.
The tormentor is almost dead.
The noxious sulfur engulfs the balrug!
The balrug partially resists.
The balrug is poisoned.
The balrug is moderately wounded.
The hellephant is distracted by your dazzling golden aura.
The searing wretch claws you but does no damage.
The searing wretch closely misses you. You block the searing wretch's attack.
The searing wretch bites you but does no damage.
The Brimstone Fiend is distracted by your dazzling golden aura.
The searing wretch claws you!
* * * LOW HITPOINT WARNING * * *
You are engulfed in flames.
You resist.
* * * LOW HITPOINT WARNING * * *
The searing wretch bites you!
You die...
Your body crumbles into a pile of gold.

..........$$C$.....
▓▓......$.$$$....▓
▓......$$..§§$..▓
▓...............▓
▓.........$.....▓
▓..........111Y2▓
▓............Yn2▓
▓............nnn▓
▓............Yn@▓
▓▓▓▓▓▓▓▓▓▓▓▓▓▓▓▓▓


You could see 3 hellephants, 5 searing wretches, 3 Brimstone Fiends, a balrug
(very poisoned) and a tormentor (very poisoned).

Vanquished Creatures
  the Royal Jelly (Slime:5)
  11 dread liches
  8 ancient liches
  Mara (Elf:3)
  Tiamat (Zot:1)
  A juggernaut (Depths:3)
  3 pandemonium lords (Zig:9)
  Boris (Elf:3)
  Bai Suzhen (Depths:2)
  A Killer Klown (Zig:9)
  A shard shrike (Zig:19)
  Vashnia (Snake:2)
  3 royal mummies (Zig:17)
  2 caustic shrikes (Depths:3)
  Nikola (Elf:3)
  3 golden dragons
  Norris (Vaults:4)
  A Hellbinder (WizLab)
  5 hellephants
  3 electric golems (Zig:18)
  3 Brimstone Fiends (Zig:25)
  Rupert (D:12)
  10 tentacled monstrosities
  4 liches
  7 Ice Fiends
  9 titans
  3 deep elf blademasters (Elf:3)
  6 searing wretches (Zig:25)
  2 deep elf master archers (Elf:3)
  A walking divine tome (Depths:3)
  5 ancient champions (Zig:24)
  28 acid blobs
  2 quicksilver dragons
  13 sphinxes
  Frances (D:12)
  Polyphemus (Shoals:4)
  3 death cobs (Zot:1)
  Roxanne (Elf:2)
  Kirke (D:15)
  9 shadow dragons
  11 storm dragons
  12 rockslimes
  8 tengu reavers
  4 protean progenitors
  6 azure jellies
  3 revenants (Zig:24)
  4 draconian knights
  10 draconian monks
  2 iron dragons
  5 fenstrider witches
  14 nagarajas
  10 narguns
  7 frost giants
  12 deep elf sorcerers
  10 fire giants
  Louise (Shoals:2)
  2 deep elf elementalists (Elf:3)
  5 draconian scorchers
  8 draconian shifters
  7 ghost moths
  A juggernaut zombie (Zig:17)
  3 curse skulls
  20 vault wardens
  18 balrugs
  13 orc warlords
  12 draconian annihilators
  4 formless jellyfish
  3 reapers (Zig:24)
  4 broodmothers
  12 draconian stormcallers
  11 ironbound preservers
  2 vampire knights
  16 very ugly things
  15 quicksilver oozes
  28 stone giants
  13 ironbound thunderhulks
  An eleionoma (Zig:10)
  6 deep elf demonologists
  7 black draconians
  An eleionoma (shapeshifter) (Zig:9)
  11 green draconians
  16 purple draconians
  11 deep elf death magi
  A lorocyproca (WizLab)
  14 dire elephants
  2 war gargoyles
  11 white draconians
  A bunyip (Zig:10)
  8 red draconians
  6 deep elf annihilators
  5 spark wasps
  13 wendigos
  4 yellow draconians
  A minotaur (Shoals:4)
  5 eidola (Zig:24)
  13 merfolk javelineers
  15 merfolk impalers
  2 blizzard demons (WizLab)
  2 crystal guardians (Vaults:3)
  11 fire dragons
  3 jiangshi
  6 mummy priests (Zig:17)
  13 ettins
  An entropy weaver (shapeshifter) (Elf:2)
  13 entropy weavers
  8 great orbs of eyes
  29 vault guards
  5 ice dragons
  A spriggan zombie (Zig:17)
  11 salamander tyrants
  6 deep elf high priests
  17 yaktaur captains
  5 rakshasas
  5 alligator snapping turtles
  3 ghost crabs
  2 hell beasts
  A jorogumo (Zig:13)
  5 hydras
  17 anacondas
  A merfolk avatar (Shoals:2)
  8 ogre magi
  4 peacekeepers
  8 catoblepae
  A caustic shrike simulacrum (Depths:2)
  A radroach (Zig:13)
  11 ironbound frosthearts
  4 boulder beetles
  9 spriggan air magi
  6 centaur warriors
  7 merfolk aquamancers
  21 dancing weapons
  18 two-headed ogres
  14 satyrs (Shoals:4)
  4 deep troll shamans
  8 tengu warriors
  13 deep troll earth magi
  3 hell hogs
  16 shock serpents
  10 death yaks
  8 orc high priests
  2 spriggan berserkers
  6 hell knights
  19 naga sharpshooters
  11 vampire magi
  23 deep elf knights
  A thrashing horror (Zig:4)
  An occultist (D:15)
  Nergalle (Lair:2)
  Sonja (D:10)
  16 naga warriors
  A titan zombie (Zig:17)
  3 demonic crawlers
  6 soul eaters
  3 shadow wraiths (Zig:24)
  3 sun demons (WizLab)
  11 iron trolls
  A skeletal warrior (D:11)
  A fire crab (Lair:5)
  3 pharaoh ants
  10 skysharks
  A spectral spark wasp (Depths:1)
  Lodul (D:12)
  3 goliath frogs
  4 salamander mystics
  45 deep trolls
  7 deep elf archers
  2 spriggan druids (Depths:2)
  5 swamp dragons
  2 large abominations (Zig:4)
  5 flayed ghosts
  A glowing orange brain (Zig:4)
  22 sea snakes
  7 mana vipers
  A glowing orange brain (shapeshifter) (Vaults:5)
  2 shadow demons (WizLab)
  6 naga ritualists
  An orb spider (Orc:2)
  A sun moth (Zig:12)
  19 lindwurms
  3 thermic dynamos
  A bog body (Zig:10)
  7 phantasmal warriors
  A steelbarb worm (Zig:12)
  2 obsidian bats (Orc:1)
  12 harpies
  8 arcanists
  9 necromancers
  19 ironbound convokers
  Pikel (D:4)
  A golden dragon skeleton (Zig:17)
  18 orc knights
  A shadow dragon zombie (Zig:17)
  3 wolf spiders
  22 deep elf zephyrmancers
  19 manticores
  21 deep elf pyromancers
  10 orc sorcerers
  A tengu skeleton (Zig:17)
  17 fauns
  42 ugly things
  2 meliai (shapeshifter)
  9 cyclopes
  2 iron dragon skeletons (Zig:17)
  7 salamanders
  7 shining eyes
  Maurice (D:7)
  A centaur zombie (D:15)
  19 moths of wrath
  A black mamba (shapeshifter) (D:15)
  21 elephants
  2 meliai (Zig:12)
  5 kobold blastminers
  22 naga magi
  11 guardian serpents
  13 water nymphs
  14 merfolk sirens
  3 torpor snails
  4 smoke demons
  2 gargoyles
  11 vault sentinels
  A cane toad (shapeshifter) (D:11)
  4 eyes of devastation
  27 black mambas
  An orange demon (WizLab)
  A centaur skeleton (D:15)
  11 hellions
  13 cane toads
  Maggie (Lair:1)
  7 rime drakes
  A storm dragon simulacrum (Zig:19)
  26 yaktaurs
  2 kobold demonologists (D:10)
  4 efreet
  11 komodo dragons
  An ancient zyme (Zig:4)
  3 freezing wraiths
  5 golden dragon simulacra
  6 tormentors
  2 red devils (WizLab)
  18 trolls
  2 tyrant leeches
  A merfolk (shapeshifter) (Zig:9)
  7 guardian mummies (Zig:17)
  10 tengu conjurers
  4 hellwings (WizLab)
  A troll (shapeshifter) (Elf:2)
  Grinder (D:3)
  7 wind drakes
  5 tarantellas
  2 jumping spiders
  A hornet (shapeshifter) (Zig:22)
  3 hornets
  16 snapping turtles
  38 merfolk
  7 glass eyes
  6 raiju
  A glass eye (shapeshifter) (D:14)
  A polar bear (Lair:5)
  A dream sheep (shapeshifter) (Zig:9)
  21 blink frogs
  9 dream sheep
  A fire giant simulacrum (Depths:2)
  8 air elementals
  A shadow (D:11)
  A centaur simulacrum (D:14)
  127 slime creatures
  14 water elementals
  62 yaks
  2 culicivoras
  3 spriggans
  6 wyverns
  3 wraiths
  6 ushabtiu (Zig:17)
  2 steam dragons (Lair:5)
  3 fire elementals
  5 hogs (D:15)
  A neqoxec (Zig:4)
  5 wargs
  A redback (shapeshifter) (Vaults:5)
  4 redbacks
  A vampire mosquito (Zig:7)
  Menkaure (D:4)
  11 basilisks
  4 swamp worms (Lair:3)
  Edmund (D:4)
  18 water moccasins
  38 nagas
  3 acid dragons
  A glowing shapeshifter skeleton (Zig:17)
  An ice beast (D:6)
  2 sky beasts
  44 orc warriors
  2 elephant zombies (Lair:3)
  4 swamp drakes (Lair:5)
  38 ogres
  A black bear (D:4)
  16 centaurs
  A tengu (shapeshifter) (D:14)
  3 wolves
  8 boggarts
  A komodo dragon zombie (Lair:3)
  A lemure (D:4)
  6 kobold brigands
  11 bullfrogs
  3 earth elementals
  2 scorpions (D:4)
  A gnoll sergeant (D:11)
  6 wights
  6 killer bees (D:8)
  7 electric eels
  3 howler monkeys (D:11)
  2 jellies (D:6)
  5 hounds
  A bombardier beetle (D:4)
  A sleepcap (D:5)
  A basilisk zombie (Lair:3)
  A gnoll bouda (D:7)
  13 orc priests
  Crazy Yiuf (D:3)
  Ijyb (D:3)
  Jessica (D:3)
  24 orc wizards
  9 iguanas
  Natasha (twice) (D:2)
  A boggart zombie (D:15)
  12 hell rats
  10 mummies (Zig:17)
  10 gnolls
  11 adders
  2 ufetubi (D:6)
  2 ribbon worms
  67 orcs
  7 endoplasms
  2 giant cockroaches
  10 goblins
  6 hobgoblins
  2 jackals (D:2)
  27 kobolds
  5 quokkas
  2 ball pythons
  6 bats
  7 rats
  4 aspiring fleshes (Zig:9)
  11 fire vortices
2657 creatures vanquished.

Vanquished Creatures (collateral kills)
  Josephina (Depths:2)
  An Ice Fiend (Zig:19)
  An electric golem (Zot:1)
  A tentacled monstrosity (Zig:22)
  A deep elf blademaster (Elf:2)
  6 acid blobs
  A deep elf master archer (Elf:3)
  A storm dragon (Zig:18)
  2 azure jellies
  A draconian knight (Zot:1)
  2 draconian shifters
  A draconian monk (Zig:21)
  An iron dragon (Vaults:5)
  An emperor scorpion (Zig:12)
  2 frost giants
  An orc warlord (Zig:20)
  A draconian annihilator (Zig:21)
  2 draconian stormcallers
  A very ugly thing (Depths:3)
  2 broodmothers
  3 stone giants
  A deep elf death mage (Elf:3)
  2 green draconians
  A black draconian (Zig:16)
  A bunyip (Zig:10)
  A white draconian (Depths:4)
  2 yellow draconians (Zig:21)
  A red draconian (Zig:21)
  A purple draconian (Zig:21)
  An ettin (Vaults:5)
  A hydra (Depths:2)
  2 naga warriors
  A deep troll earth mage (Depths:3)
  A naga sharpshooter (Snake:2)
  An iron troll (Depths:2)
  2 deep trolls (Depths:2)
  2 phantasmal warriors (Zig:22)
  A golden dragon skeleton (Zig:17)
  A deep elf pyromancer (Elf:1)
  A naga mage (Snake:4)
  A black mamba (Snake:4)
  2 slime creatures
  A spriggan simulacrum (Depths:2)
  An orc priest (Zig:20)
  An orc wizard (Zig:8)
  A mummy (Zig:17)
  An aspiring flesh (Zig:9)
65 creatures vanquished.

Vanquished Creatures (others)
  A deep elf blademaster (Elf:3)
  A draconian knight (Zig:16)
  A fire giant (Depths:2)
  A draconian scorcher (Zig:21)
  A deep elf death mage (Zig:24)
  A sky beast (shapeshifter) (D:11)
  487 fire vortices
493 creatures vanquished.

Grand Total: 3215 creatures vanquished

Notes
Turn   | Place    | Note
-------+----------+-------------------------------------------
     0 | D:1      | BubbleThief the Naga Alchemist began the quest for the Orb.
     0 | D:1      | Reached XP level 1. HP: 15/15 MP: 3/3
   225 | D:1      | Reached XP level 2. HP: 22/22 MP: 0/5
  1006 | D:2      | Reached XP level 3. HP: 20/28 MP: 0/7
  1251 | D:2      | Reached XP level 4. HP: 36/36 MP: 3/8
  1255 | D:2      | Learned a level 3 spell: Mephitic Cloud
  1455 | D:2      | Noticed Natasha
  1465 | D:2      | Killed Natasha
  1466 | D:2      | Reached skill level 5 in Alchemy
  1658 | D:2      | Found a faded altar of an unknown god.
  1757 | D:2      | Noticed Natasha
  1762 | D:2      | Killed Natasha
  1763 | D:2      | Reached XP level 5. HP: 31/42 MP: 8/10
  1890 | D:2      | You fall into a shaft and drop 2 floors!
  1927 | D:3      | Learned a level 4 spell: Sticky Flame
  2259 | D:3      | Noticed Jessica
  2261 | D:3      | Killed Jessica
  2314 | D:3      | Found a runed translucent door.
  2315 | D:3      | Noticed Crazy Yiuf
  2396 | D:3      | Noticed Ijyb
  2408 | D:3      | Killed Ijyb
  2409 | D:3      | Reached skill level 1 in Fire Magic
  2483 | D:3      | Found an opulent altar of Gozag.
  2502 | D:3      | Noticed Grinder
  2525 | D:3      | Killed Grinder
  2526 | D:3      | Reached XP level 6. HP: 26/49 MP: 2/12
  2660 | D:3      | Found a shimmering blue altar of Sif Muna.
  3006 | D:3      | Killed Crazy Yiuf
  3007 | D:3      | Reached XP level 7. HP: 55/55 MP: 9/13
  3514 | D:4      | Reached skill level 5 in Spellcasting
  3655 | D:4      | Noticed Edmund
  3675 | D:4      | Killed Edmund
  3676 | D:4      | Reached XP level 8. HP: 62/62 MP: 6/16
  3783 | D:4      | Noticed Pikel
  3788 | D:4      | Killed Pikel
  3792 | D:4      | Noticed Menkaure
  3802 | D:4      | Killed Menkaure
  3803 | D:4      | Reached skill level 1 in Fighting
  3803 | D:4      | Reached skill level 5 in Fire Magic
  4390 | D:4      | Learned a level 4 spell: Olgreb's Toxic Radiance
  4468 | D:3      | Became a worshipper of Gozag Ym Sagoz the Greedy
  4515 | D:5      | Entered Level 5 of the Dungeon
  4781 | D:5      | Reached XP level 9. HP: 75/75 MP: 15/18
  4940 | D:5      | Found an iron altar of Okawaru.
  5639 | D:6      | Found a staircase to the Ecumenical Temple.
  5649 | D:6      | Found a white marble altar of Elyvilon.
  5707 | D:6      | Found Xaezxeri's Hydra Hut.
  5713 | D:6      | Noticed a seven-headed hydra
  5719 | D:6      | Reached skill level 5 in Fighting
  6501 | D:7      | Noticed Maurice
  6514 | D:7      | Killed Maurice
  6515 | D:7      | Reached XP level 10. HP: 94/98 MP: 4/19
  6750 | D:7      | Identified the +2 ring mail of the Goldsmith {-Tele rN+
                  | Regen+ Str+4}
  7600 | D:8      | Reached skill level 10 in Fighting
  8441 | D:9      | Found an ornate altar of the Wu Jian Council.
  8504 | D:9      | Found a staircase to the Orcish Mines.
  8541 | D:9      | Found a glowing golden altar of the Shining One.
  8634 | D:9      | Found a hazy altar of Hepliaklqana.
  9529 | Orc:1    | Entered Level 1 of the Orcish Mines
  9529 | Orc:1    | Noticed a kobold blastminer
  9537 | Orc:1    | Killed a kobold blastminer
  9674 | Orc:1    | Noticed an oklob plant
  9694 | Orc:2    | Entered Level 2 of the Orcish Mines
  9694 | Orc:2    | Found a staircase to the Elven Halls.
  9711 | Orc:2    | Reached XP level 11. HP: 62/110 MP: 10/21
  9859 | Orc:2    | Noticed an ettin
  9898 | D:10     | Entered Level 10 of the Dungeon
  9908 | D:10     | Found a staircase to the Lair.
 10264 | D:10     | Found a broken altar of Ashenzari.
 10271 | D:10     | Learned a level 5 spell: Yara's Violent Unravelling
 10274 | D:10     | Noticed Sonja
 10280 | D:10     | Killed Sonja
 10680 | D:10     | Found a sacrificial altar of Ru.
 11247 | D:10     | Bought a shiny helmet for 187 gold pieces
 11252 | D:10     | Bought a shiny troll leather armour for 450 gold pieces
 11295 | Lair:1   | Entered Level 1 of the Lair of Beasts
 11662 | Lair:1   | Noticed Maggie
 11667 | Lair:1   | Killed Maggie
 11824 | Lair:1   | Reached skill level 10 in Spellcasting
 11975 | Lair:1   | Reached XP level 12. HP: 81/122 MP: 22/26
 12742 | Lair:2   | Noticed Nergalle
 12799 | Lair:2   | Killed Nergalle
 13599 | Lair:2   | Noticed a skyshark
 13610 | Lair:2   | Killed a skyshark
 14090 | Lair:3   | Found a staircase to the Snake Pit.
 14206 | Lair:3   | Noticed a five-headed hydra
 14876 | Lair:3   | Noticed a catoblepas
 14877 | Lair:3   | Gained mutation: You can use your snake-like lower body to
                  | constrict enemies. [Naga growth]
 14877 | Lair:3   | Reached XP level 13. HP: 133/133 MP: 20/29
 16185 | Lair:3   | Found a staircase to the Shoals.
 16469 | Lair:3   | Identified the +4 rapier of Law {antimagic, rElec rN+ Will+
                  | Dex+3}
 17021 | Lair:4   | You fall into a shaft and drop 1 floor!
 17021 | Lair:5   | Entered Level 5 of the Lair of Beasts
 17244 | Lair:4   | Reached XP level 14. HP: 145/145 MP: 21/32
 17246 | Lair:4   | Reached skill level 15 in Fighting
 17712 | Lair:4   | Reached skill level 15 in Spellcasting
 18737 | Lair:5   | Reached skill level 5 in Conjurations
 18874 | Lair:5   | Learned a level 6 spell: Starburst
 19052 | Lair:5   | Found a viscous altar of Jiyva.
 19052 | Lair:5   | Found a staircase to the Slime Pits.
 20380 | Lair:5   | Noticed a dire elephant
 20389 | Lair:5   | Killed a dire elephant
 20586 | Lair:5   | Noticed a dire elephant
 20594 | Lair:5   | Killed a dire elephant
 20951 | Orc:2    | Reached XP level 15. HP: 146/154 MP: 18/34
 21681 | Orc:2    | Reached skill level 10 in Fire Magic
 21769 | Orc:2    | Reached skill level 10 in Conjurations
 22328 | Orc:2    | Found Zewel's Assorted Antiques.
 22328 | Orc:2    | Found Diuw's Weapon Shoppe.
 22338 | Orc:2    | Found Ikuxkauz's Antique Armour Shoppe.
 22338 | Orc:2    | Found Pipn's Book Boutique.
 22346 | Orc:2    | Bought a scroll of teleportation for 81 gold pieces
 22496 | Orc:2    | Upgraded the game from 0.32-a0-961-gd60f5e5fc7 to
                  | 0.32-a0-981-g384da2ce10
 22521 | Orc:2    | Bought a pitted rapier for 207 gold pieces
 22521 | Orc:2    | Identified the +4 rapier "Qesoef" {holy, Dex+2} (You bought
                  | it in a shop on level 2 of the Orcish Mines)
 22707 | Orc:1    | Gained mutation: You are dopey. (Int -2) [you]
 23355 | D:11     | Found Siamperch's Jewellery Shoppe.
 23462 | D:11     | Learned a level 4 spell: Ignite Poison
 23579 | D:11     | Found Ishuixt's Book Emporium.
 23834 | D:11     | Found Ramm's General Store.
 24468 | D:11     | Found a runed translucent door.
 24481 | D:11     | Identified the +0 great sword of the Ass {flame, Str+4}
 24956 | D:12     | Noticed Frances
 24964 | D:12     | Killed Frances
 25422 | D:12     | Noticed Lodul
 25428 | D:12     | Killed Lodul
 25606 | D:12     | Noticed Rupert
 25613 | D:12     | Killed Rupert
 26526 | D:13     | Reached XP level 16. HP: 163/163 MP: 31/35
 26582 | D:13     | Found a gate to the Vaults.
 28726 | D:14     | Found a bloodstained altar of Trog.
 28986 | D:15     | Entered Level 15 of the Dungeon
 29807 | D:15     | Found Qauvauk's Antique Weapon Shoppe.
 29813 | D:15     | Noticed Kirke
 29831 | D:15     | Killed Kirke
 29936 | D:15     | Bought a slimy broad axe for 270 gold pieces
 29936 | D:15     | Identified the +6 broad axe of the Spectre {freeze, rCorr}
                  | (You bought it in a shop on level 15 of the Dungeon)
 29936 | D:15     | Bought a crude war axe for 255 gold pieces
 29936 | D:15     | Identified the +8 war axe "Orb Guardian's Doom" {flame, rF+
                  | SInv} (You bought it in a shop on level 15 of the Dungeon)
 29936 | D:15     | Bought a jewelled flail for 255 gold pieces
 29936 | D:15     | Identified the +8 flail of Caucris {holy, Int+6 Dex+3} (You
                  | bought it in a shop on level 15 of the Dungeon)
 30512 | D:15     | Found a staircase to the Depths.
 30627 | D:15     | Lost mutation: You are dopey. (Int -2) [potion of mutation]
 30627 | D:15     | Gained mutation: You possess an exceptional clarity of
                  | mind. [potion of mutation]
 30627 | D:15     | Gained mutation: You occasionally lose the ability to drink
                  | potions when taking damage. [potion of mutation]
 30627 | D:15     | Gained mutation: You sometimes lose the ability to drink
                  | potions when taking damage. [potion of mutation]
 30627 | D:15     | Gained mutation: You are partially covered in iridescent
                  | scales. (AC +2) [potion of mutation]
 31131 | Snake:1  | Entered Level 1 of the Snake Pit
 31145 | Snake:1  | You fall into a shaft and drop 1 floor!
 31145 | Snake:2  | Noticed a nagaraja
 31153 | Snake:2  | Killed a nagaraja
 31171 | Snake:2  | Noticed Vashnia
 31831 | Snake:1  | Noticed a nagaraja
 31842 | Snake:1  | Killed a nagaraja
 31969 | Snake:1  | Learned a level 4 spell: Summon Blazeheart Golem
 32256 | Snake:1  | Learned a level 5 spell: Freezing Cloud
 32466 | Snake:1  | Noticed a nagaraja
 32477 | Snake:1  | Killed a nagaraja
 33057 | Snake:1  | Reached XP level 17. HP: 149/170 MP: 31/36
 33778 | Snake:1  | Bought a scroll of teleportation for 42 gold pieces
 33778 | Snake:1  | Bought 2 potions of cancellation for 224 gold pieces
 33778 | Snake:1  | Bought the +3 pair of gauntlets of War {Slay+5} for 665
                  | gold pieces
 33778 | Snake:1  | Found the +3 pair of gauntlets of War {Slay+5}
 33894 | Snake:2  | HP: 6/170 [salamander/+4 halberd of venom (13)]
 33895 | Snake:1  | HP: 1/170 [poisoned by naga (concentrated venom)]
 34029 | Shoals:1 | Entered Level 1 of the Shoals
 35306 | Shoals:2 | Noticed Louise
 35313 | Shoals:2 | Killed Louise
 35703 | Shoals:2 | Reached skill level 15 in Conjurations
 35802 | Shoals:2 | Reached skill level 15 in Fire Magic
 36495 | Shoals:2 | Found Guttept's CLEARANCE SALE!.
 37125 | Shoals:3 | Found Feojetru's Vocational Training.
 37238 | Shoals:3 | Bought a manual of Evocations for 1120 gold pieces
 37245 | Shoals:3 | Reached skill level 1 in Evocations
 37843 | Shoals:3 | Reached skill level 5 in Evocations
 38139 | Shoals:4 | Entered Level 4 of the Shoals
 39244 | Shoals:4 | Reached skill level 10 in Evocations
 39488 | Shoals:4 | Reached XP level 18. HP: 178/178 MP: 13/37
 39560 | Shoals:4 | Noticed Polyphemus
 39572 | Shoals:4 | Killed Polyphemus
 41412 | Shoals:4 | Got a barnacled rune of Zot
 41526 | Shoals:4 | Got Virrahoo's Lost Secrets of the Wisdom of the Ancients
 41902 | Vaults:1 | Entered Level 1 of the Vaults
 42106 | Vaults:1 | Learned a level 9 spell: Fire Storm
 44002 | Vaults:1 | Reached XP level 19. HP: 162/186 MP: 15/38
 44814 | Vaults:2 | Found a magical portal.
 44823 | WizLab   | Entered The Hall of the Hellbinder
 45138 | WizLab   | Identified a scroll of acquirement
 45159 | WizLab   | Acquired the amulet "Jinewn" {rN++ Regen+ rCorr}
 45218 | WizLab   | Noticed a hellephant
 45239 | WizLab   | Killed a hellephant
 46018 | WizLab   | Noticed a hellephant
 46028 | WizLab   | Killed a hellephant
 46125 | WizLab   | Got the Codex of Sidekicks
 46144 | WizLab   | Identified the ring of the Cast Vote {rN+ MP+9}
 46144 | WizLab   | Noticed Hiashr Maopa
 46151 | WizLab   | Killed Hiashr Maopa the Hellbinder
 46223 | WizLab   | Found a burning altar of Makhleb.
 47936 | Vaults:2 | Identified the +6 quarterstaff "Hydrabane" {pain, rC+}
 48612 | Vaults:3 | Reached XP level 20. HP: 150/194 MP: 33/39
 48760 | Vaults:3 | Found a staircase to the Crypt.
 49991 | Vaults:3 | Found Uwafafiregh's Magic Scroll Shoppe.
 49994 | Vaults:3 | Bought a scroll of amnesia for 92 gold pieces
 49994 | Vaults:3 | Bought a scroll of teleportation for 69 gold pieces
 49994 | Vaults:3 | Bought a scroll of teleportation for 69 gold pieces
 50764 | Vaults:4 | Noticed Norris
 50770 | Vaults:4 | Killed Norris
 51092 | Vaults:4 | Found a transporter.
 51178 | Vaults:4 | Found a transporter.
 51399 | Vaults:4 | Found a white marble altar of Elyvilon.
 52349 | Snake:1  | Gained mutation: Your health recovers twice as slowly from
                  | being drained. [mutagenic glow]
 52590 | Snake:2  | Killed Vashnia
 53149 | Snake:3  | Found Adong's Magic Scroll Emporium.
 53155 | Snake:3  | Found Xeumpemn's Antique Armour Emporium.
 53168 | Snake:3  | Reached XP level 21. HP: 164/201 MP: 35/40
 53234 | Snake:3  | Bought a scroll of revelation for 82 gold pieces
 53234 | Snake:3  | Bought 2 scrolls of teleportation for 66 gold pieces
 53234 | Snake:3  | Bought a scroll of poison for 44 gold pieces
 53245 | Snake:3  | Bought a steaming ring mail for 207 gold pieces
 53245 | Snake:3  | Identified the +0 ring mail "Dale Pem" {Fly rPois rN++
                  | Str-3} (You bought it in a shop on level 3 of the Snake
                  | Pit)
 53323 | Snake:3  | Found Ewkimp's General Store.
 53333 | Snake:3  | Bought a potion of heal wounds for 55 gold pieces
 53333 | Snake:3  | Bought a scroll of enchant weapon for 82 gold pieces
 53333 | Snake:3  | Bought a potion of curing for 33 gold pieces
 53333 | Snake:3  | Bought a potion of curing for 33 gold pieces
 53443 | Snake:3  | Found Anezit's Weapon Boutique.
 53684 | Snake:3  | Found Hoferhoth's Book Boutique.
 54295 | Snake:4  | Entered Level 4 of the Snake Pit
 54673 | Snake:4  | Bought a box of beasts for 1600 gold pieces
 54673 | Snake:4  | Bought a scroll of teleportation for 120 gold pieces
 54673 | Snake:4  | Bought a potion of heal wounds for 200 gold pieces
 55425 | Snake:4  | Got a serpentine rune of Zot
 55426 | Snake:4  | Identified the +1 rapier "Beuxehiq" {speed, *Noise Dex+7}
 56183 | Depths:1 | Entered Level 1 of the Depths
 56213 | Depths:1 | Found a gateway to Hell.
 56281 | Depths:1 | Found a one-way gate to the infinite horrors of the Abyss.
 56290 | Depths:1 | Found Goeleama's Tiny Tomes.
 56325 | Depths:1 | Found a flickering gateway to a bazaar.
 56334 | Bazaar   | Entered a bazaar
 56334 | Bazaar   | Found Uhizuipp's General Store.
 56361 | Bazaar   | Bought a potion of magic for 56 gold pieces
 56366 | Bazaar   | Found Fohytogg's Antique Armour Shop.
 56392 | Bazaar   | Found Irchozxa's Antique Weapon Shop.
 56420 | Bazaar   | Bought the +3 crown of Dyrovepreva {rElec Int+2 SInv} for
                  | 1117 gold pieces
 56420 | Bazaar   | Found the +3 crown of Dyrovepreva {rElec Int+2 SInv}
 56537 | Depths:1 | Identified the +3 leather armour of Kaupaijo {Harm Will+
                  | MP+9 Str-4}
 57474 | Depths:1 | Found a sacrificial altar of Ru.
 57778 | Depths:2 | Noticed Bai Suzhen
 58073 | Depths:2 | Found a one-way gateway to a ziggurat.
 58366 | Depths:2 | Killed Bai Suzhen
 58367 | Depths:2 | Reached XP level 22. HP: 199/210 MP: 15/41
 59170 | Depths:2 | Identified the staff "Xojicvab" {rF+ rC+ Str+4 Ice}
 59170 | Depths:2 | Identified the ring "Rosalus" {Ice *Slow rElec SInv}
 59170 | Depths:2 | Identified the death talisman of Cilon {MP+9 Str+2 Dex+3}
 59170 | Depths:2 | Noticed Josephina
 59177 | Depths:2 | Killed Josephina
 59918 | Depths:2 | Found a one-way gate leading to the halls of Pandemonium.
 60154 | Depths:3 | Noticed a caustic shrike
 60160 | Depths:3 | Killed a caustic shrike
 60267 | Depths:3 | Noticed a caustic shrike
 60276 | Depths:3 | Killed a caustic shrike
 60413 | Depths:3 | Noticed a golden dragon
 60424 | Depths:3 | Killed a golden dragon
 61384 | Depths:3 | Noticed a juggernaut
 61391 | Depths:3 | Killed a juggernaut
 62361 | Depths:4 | Entered Level 4 of the Depths
 62369 | Depths:4 | Reached XP level 23. HP: 217/217 MP: 31/42
 62393 | Depths:3 | Learned a level 8 spell: Ignition
 63154 | Depths:4 | Found a gate to the Realm of Zot.
 63459 | Depths:4 | Found Tuneowno's Armour Shoppe.
 64051 | Vaults:5 | Entered Level 5 of the Vaults
 65106 | Vaults:5 | Noticed a dread lich
 65245 | Vaults:5 | Killed a dread lich
 65246 | Vaults:5 | Reached XP level 24. HP: 161/225 MP: 5/42
 65852 | Vaults:5 | Identified the +1 halberd of Spores {freeze, rPois rC+}
 66070 | Vaults:5 | Identified the +3 chain mail "Uwnu" {Dex+4}
 66070 | Vaults:5 | Identified the ring of Istiunt {AC+4 Dex+3}
 66176 | Vaults:5 | Identified the +3 shortbow of Indomitability {heavy, Dex+3}
 66185 | Vaults:5 | Identified the +2 robe of the Bulwark {Rampage rF- rCorr
                  | SInv}
 66605 | Vaults:5 | Identified the +2 helmet "Seghoy" {Dex+5}
 66617 | Vaults:5 | Identified the +3 long sword of Xom's Righteous Anger
                  | {elec, rPois rN+++ Int-2 Dex-5}
 66626 | Vaults:5 | Identified the +8 lajatang "Trog's Righteous Anger"
                  | {freeze, rElec Int+3}
 66633 | Vaults:5 | Identified the +1 arbalest "Beetlebane" {heavy, Dex+4}
 66633 | Vaults:5 | Identified the +3 morningstar "Guascheu" {elec, Will+
                  | Str+4}
 66665 | Vaults:5 | Identified the +1 ring mail of a volcano {Dex+5}
 66681 | Vaults:5 | Got the Essays on Spatial Fulmination
 66781 | Vaults:5 | Identified the +2 sling of Equivalence {flame, rN+}
 66810 | Vaults:5 | Got a silver rune of Zot
 67025 | Vaults:5 | Identified the +8 whip of Imminent Death {protect, *Corrode
                  | Str+4}
 67025 | Vaults:5 | Identified the ring of Hard Scrabble {*Slow rN+ Int+6 Dex+5
                  | Stlth+}
 67217 | Vaults:5 | Identified the +7 chain mail of Circular Logic {rF+ Stlth+}
 67363 | Vaults:5 | Got the Parchment of Conjury
 67711 | Elf:1    | Entered Level 1 of the Elven Halls
 67716 | Elf:1    | Paralysed by an air elemental for 1 turns
 67728 | Elf:1    | Paralysed by an air elemental for 1 turns
 67908 | Elf:1    | Upgraded the game from 0.32-a0-981-g384da2ce10 to
                  | 0.32-a0-986-ga09f62fbf4
 68186 | Elf:1    | Paralysed by an air elemental for 1 turns
 68576 | Elf:1    | Found Ypulo's Weapon Shoppe.
 69146 | Elf:2    | Reached skill level 1 in Shields
 69265 | Elf:2    | Found Kedaafug's General Store.
 69525 | Elf:2    | Found a huge runed translucent gate.
 69525 | Elf:2    | Found a huge runed translucent gate.
 69533 | Elf:2    | Found a huge runed translucent gate.
 69534 | Elf:2    | Found a huge runed translucent gate.
 69534 | Elf:2    | Found a huge runed translucent gate.
 69656 | Elf:2    | Noticed Roxanne
 69665 | Elf:2    | Killed Roxanne
 70200 | Elf:2    | Reached skill level 5 in Shields
 70856 | Elf:3    | Entered Level 3 of the Elven Halls
 70856 | Elf:3    | Identified the +4 robe "Enuda" {rC+ Will++ Dex-2}
 70856 | Elf:3    | Noticed Boris
 70859 | Elf:3    | Killed Boris
 70914 | Elf:3    | Noticed Nikola
 70919 | Elf:3    | Killed Nikola
 71255 | Elf:3    | Noticed Mara
 71261 | Elf:3    | Killed Mara
 71786 | Elf:3    | Found a shimmering blue altar of Sif Muna.
 71841 | Elf:3    | Reached XP level 25. HP: 232/232 MP: 27/42
 72070 | Elf:3    | Reached skill level 10 in Shields
 72325 | Elf:3    | Identified the +10 demon blade of Liweemmet {pain, Int-3
                  | Dex+6}
 72326 | Elf:3    | Identified the +8 mace of Kedos {vamp, rElec rF+ Str+2}
 72329 | Elf:3    | Identified the ring of the Modern Invaders {rElec rC+ rN+
                  | SInv}
 72511 | Elf:3    | Got the Incunable of Ironbound Essence
 72524 | Elf:3    | Identified the +3 chain mail of the Writhing Gods {Rampage
                  | rF- Int+4}
 72535 | Elf:3    | Identified the staff of the Mushroom {rElec rPois rF+ rC-
                  | SInv Alchemy}
 73068 | Slime:1  | Entered Level 1 of the Pits of Slime
 75398 | Slime:5  | Entered Level 5 of the Pits of Slime
 75539 | Slime:5  | Gained mutation: You have hidden genetic defects. [a
                  | shining eye]
 76564 | Slime:5  | Noticed the Royal Jelly
 76576 | Slime:5  | Gained mutation: You are weak. (Str -2) [hidden defects]
 76857 | Slime:5  | Killed the Royal Jelly
 77085 | Slime:5  | Found the +0 cloak of the Thief {Quiet Slay-3 SInv Stlth+}
 77089 | Slime:5  | Identified the +0 ring mail "Vyhy" {rN+ Int+3}
 77095 | Slime:5  | Identified the +5 halberd of Fate {elec, rF+ Int+2}
 77120 | Slime:5  | Identified the +6 mace of Blood {protect, Int+2 Dex-3
                  | Stlth+}
 77125 | Slime:5  | Got a slimy rune of Zot
 77133 | Slime:5  | Identified the +1 longbow "Killer Bee's Bane" {heavy, rF+
                  | Int+2 Dex+5}
 77649 | Lair:5   | Bought a +2 cloak of willpower for 301 gold pieces
 77996 | Crypt:1  | Entered Level 1 of the Crypt
 78264 | Vaults:4 | Identified the +1 kite shield of Failure {Dex+3}
 78268 | Vaults:4 | Got the Incunabulum of the Ground and Feathers
 78270 | Vaults:4 | Identified the amulet "Yblipt" {Acrobat Harm rF+ Slay-6}
 78280 | Vaults:4 | Identified the amulet of Woitz {Faith rC++ Int-2 Slay+6}
 78654 | Zot:1    | Entered Level 1 of the Realm of Zot
 78663 | Zot:1    | Reached XP level 26. HP: 191/241 MP: 15/42
 79085 | Zot:1    | Gained mutation: Your body sometimes deteriorates upon
                  | taking damage. [hidden defects]
 79085 | Zot:1    | Lost mutation: You have hidden genetic defects. [hidden
                  | defects expressed]
 79175 | Zot:1    | Lost mutation: You sometimes lose the ability to drink
                  | potions when taking damage. [potion of mutation]
 79175 | Zot:1    | Lost mutation: You are partially covered in iridescent
                  | scales. (AC +2) [potion of mutation]
 79175 | Zot:1    | Lost mutation: You occasionally lose the ability to drink
                  | potions when taking damage. [potion of mutation]
 79175 | Zot:1    | Gained mutation: You occasionally lose the ability to drink
                  | potions when taking damage. [potion of mutation]
 79176 | Zot:1    | Lost mutation: Your body sometimes deteriorates upon taking
                  | damage. [potion of mutation]
 79176 | Zot:1    | Lost mutation: Your health recovers twice as slowly from
                  | being drained. [potion of mutation]
 79176 | Zot:1    | Lost mutation: You are weak. (Str -2) [potion of mutation]
 79176 | Zot:1    | Gained mutation: You are partially covered in large bone
                  | plates. (SH +4) [potion of mutation]
 79176 | Zot:1    | Gained mutation: You are partially covered in iridescent
                  | scales. (AC +2) [potion of mutation]
 79176 | Zot:1    | Gained mutation: You can exhale a cloud of poison. [potion
                  | of mutation]
 79979 | Zot:1    | Identified the staff "Toon" {Int+2 Conj}
 80002 | Zot:1    | Found the +4 dragonskin cloak {Aegis}
 80002 | Zot:1    | Noticed Tiamat
 80036 | Zot:1    | Killed Tiamat
 80042 | Zot:1    | Noticed Vv
 80625 | Zig:1    | Entered Level 1 of a ziggurat
 80644 | Zig:2    | Entered Level 2 of a ziggurat
 80683 | Zig:3    | Entered Level 3 of a ziggurat
 80796 | Zig:4    | Entered Level 4 of a ziggurat
 80828 | Zig:5    | Entered Level 5 of a ziggurat
 80832 | Zig:5    | Found the +4 robe of Folly {Brill Will-∞ Int+8}
 80904 | Zig:6    | Entered Level 6 of a ziggurat
 80928 | Zig:6    | Identified the +3 morningstar of Leulinn {elec, rElec rC+}
 80986 | Zig:7    | Entered Level 7 of a ziggurat
 81009 | Zig:7    | Identified the +3 mace of Terra Nullius {venom, Int+3
                  | Dex+3}
 81033 | Zig:8    | Entered Level 8 of a ziggurat
 81101 | Zig:8    | Got Ovadd's Tome of Essence and Force
 81102 | Zig:8    | Identified the +1 leather armour of a treasure trove
                  | {Regen+ Dex+2}
 81111 | Zig:9    | Entered Level 9 of a ziggurat
 81121 | Zig:9    | Noticed a Killer Klown
 81122 | Zig:9    | Noticed Wiam the pandemonium lord
 81122 | Zig:9    | Noticed Duicaub the pandemonium lord
 81122 | Zig:9    | Noticed Asubrom the pandemonium lord
 81126 | Zig:9    | Killed a Killer Klown
 81127 | Zig:9    | Killed Asubrom the pandemonium lord
 81129 | Zig:9    | Killed Duicaub the pandemonium lord
 81136 | Zig:9    | Killed Wiam the pandemonium lord
 81285 | Zig:9    | Identified the +7 ice dragon scales of Dramatic Exits {rF-
                  | rC++ Will+ rCorr}
 81312 | Zig:10   | Entered Level 10 of a ziggurat
 81326 | Zig:10   | Reached XP level 27. HP: 248/248 MP: 33/44
 81337 | Zig:10   | Identified the staff of the Evening {rF+ Int+2 Fire}
 81369 | Zig:10   | Identified the +8 dagger of Infinity {vamp, SInv}
 81406 | Zig:11   | Entered Level 11 of a ziggurat
 81416 | Zig:11   | Paralysed by a wendigo for 1 turns
 81425 | Zig:11   | Found the +5 scythe "Finisher" {speed, execute}
 81534 | Zig:11   | Identified the +9 great mace of Vyijock {drain, rElec rC++
                  | Stlth-}
 81535 | Zig:11   | Identified the amulet of Sian {Spirit -Tele rPois Regen+
                  | Dex+4}
 81562 | Zig:12   | Entered Level 12 of a ziggurat
 81848 | Zig:12   | Got the Discursus on the Overhead Graveyard
 81872 | Zig:13   | Entered Level 13 of a ziggurat
 82008 | Zig:13   | Identified the ring "Joluar" {+Blink rElec rPois rF- Str+6}
 82023 | Zig:13   | Identified the +7 chain mail of Happy Babbling {Harm}
 82029 | Zig:13   | Identified the +2 scale mail "Weteloud" {Dex+4}
 82037 | Zig:13   | Identified the +9 sling "Orb Guardian's Doom" {flame, rElec
                  | SInv}
 82092 | Zig:14   | Entered Level 14 of a ziggurat
 82113 | Zig:14   | Found the +8 arc blade {discharge, rElec}
 82115 | Zig:14   | Reached skill level 27 in Conjurations
 82115 | Zig:14   | Reached skill level 27 in Fire Magic
 82281 | Zig:14   | Identified the ring "Ikamy" {rC+ EV+5 Int+2}
 82283 | Zig:14   | Identified the +12 dagger of Nugef {drain, *Noise rElec
                  | rC+}
 82297 | Zig:14   | Identified the +4 short sword of the Spinneret {venom, rC+
                  | Str+6 Int-4}
 82349 | Zig:15   | Entered Level 15 of a ziggurat
 82455 | Zig:15   | Reached skill level 15 in Shields
 82465 | Zig:15   | Identified the +3 falchion "Hothros" {drain, *Rage rElec
                  | Stlth+}
 82476 | Zig:15   | Identified the +2 quarterstaff of Riecle {venom, rElec
                  | rPois rF+ Will+}
 82484 | Zig:15   | Got the Octavo of Cooperative Corpses
 82551 | Zig:16   | Entered Level 16 of a ziggurat
 82826 | Zig:16   | Identified the +0 ring mail of the Trombone {rN+ Int+2}
 82847 | Zig:16   | Identified the staff of Uncertain Death {rPois rN+ Conj
                  | Summ}
 82868 | Zig:17   | Entered Level 17 of a ziggurat
 82878 | Zig:17   | Learned a level 8 spell: Maxwell's Capacitive Coupling
 82882 | Zig:17   | Noticed a royal mummy
 82898 | Zig:17   | Reached skill level 1 in Air Magic
 82899 | Zig:17   | Noticed a royal mummy
 82903 | Zig:17   | Noticed a royal mummy
 82904 | Zig:17   | Killed a royal mummy
 82907 | Zig:17   | Killed a royal mummy
 82907 | Zig:17   | Killed a royal mummy
 82923 | Zig:17   | Reached skill level 5 in Air Magic
 83207 | Zig:17   | Got the Cyclopedia of Freezing Effluvium
 83214 | Zig:17   | Identified the ring of Maep {rElec rF+ Str+4 Dex-5 SInv}
 83215 | Zig:17   | Identified the scarf of an ice cave {shadows, rF++ Dex+4
                  | SInv}
 83229 | Zig:17   | Identified the staff "Hamunecw" {rElec rF+ rCorr Int-4
                  | Hexes Fire}
 83260 | Zig:18   | Entered Level 18 of a ziggurat
 83274 | Zig:18   | Paralysed by an air elemental for 1 turns
 83308 | Zig:18   | Paralysed by an air elemental for 1 turns
 83581 | Zig:18   | Found the crystal ball of Wucad Mu {*channel}
 83583 | Zig:18   | Found the amulet of the Four Winds {rN+ Will+++ Clar}
 83588 | Zig:18   | Identified the ring of Nosum {MP+9 Dex+2}
 83589 | Zig:18   | Identified the +10 dire flail "Dragon's Tongue" {protect,
                  | *Noise rC+ Will+ Int+4}
 83592 | Zig:18   | Identified the +0 scale mail of the Feeding Gods {rCorr
                  | Str+6 Dex-2 Slay+5}
 83594 | Zig:18   | Identified the staff "Gelasocs" {rC+ rCorr Ice}
 83605 | Zig:18   | Got the Elucidation of Mutual Trauma
 83640 | Zig:19   | Entered Level 19 of a ziggurat
 83652 | Zig:19   | Paralysed by a wendigo for 1 turns
 83656 | Zig:19   | Reached skill level 10 in Air Magic
 83666 | Zig:19   | Paralysed by a wendigo for 1 turns
 83667 | Zig:19   | Noticed a dread lich
 83671 | Zig:19   | Killed a dread lich
 83928 | Zig:19   | Identified the ring of Egepiyngun {rElec Int+6}
 83952 | Zig:19   | Got the Spellbook of Profulgent Distance
 83955 | Zig:19   | Identified the ring of the Pariah {rElec rF++ rC- rCorr
                  | SInv}
 83958 | Zig:19   | Identified the +9 plate armour of the Original Sin {rCorr}
 83983 | Zig:20   | Entered Level 20 of a ziggurat
 84271 | Zig:20   | Identified the amulet of the Rhinotaur {Spirit Stlth+}
 84276 | Zig:20   | Identified the +5 shortbow "Qomoss" {speed, Int+3 Dex+3}
 84323 | Zig:21   | Entered Level 21 of a ziggurat
 84610 | Zig:21   | Learned a level 5 spell: Irradiate
 84619 | Zig:21   | Learned a level 8 spell: Fulsome Fusillade
 84624 | Zig:21   | Identified the +1 sling of Chance {elec, ^Contam Will+
                  | Int+4}
 84625 | Zig:21   | Identified the +5 triple sword of Seiblat {speed, ^Fragile
                  | Fly rElec Int+3}
 84638 | Zig:21   | Identified the +3 bardiche "Boman" {elec, rF+ Str+8 Int-3
                  | Stlth-}
 84639 | Zig:21   | Identified the +2 broad axe of Dissent {vamp, rN+}
 84645 | Zig:21   | Identified the +11 quarterstaff of Hepliaklqana's Envy
                  | {drain, Str+2 Int+3}
 84662 | Zig:22   | Entered Level 22 of a ziggurat
 84686 | Zig:22   | Noticed a dread lich
 84687 | Zig:22   | Noticed an ancient lich
 84687 | Zig:22   | Noticed an ancient lich
 84687 | Zig:22   | Noticed an ancient lich
 84688 | Zig:22   | Noticed an ancient lich
 84690 | Zig:22   | Killed a dread lich
 84690 | Zig:22   | Noticed an ancient lich
 84690 | Zig:22   | Noticed a dread lich
 84691 | Zig:22   | Killed an ancient lich
 84691 | Zig:22   | Killed an ancient lich
 84691 | Zig:22   | Killed an ancient lich
 84691 | Zig:22   | Killed an ancient lich
 84691 | Zig:22   | Killed an ancient lich
 84691 | Zig:22   | Noticed an ancient lich
 84694 | Zig:22   | Killed an ancient lich
 84694 | Zig:22   | Killed a dread lich
 84869 | Zig:22   | Identified the amulet of Cigefa {Acrobat rPois}
 84871 | Zig:22   | Identified the ring "Sivupn" {rC+ rCorr MP+9 Str-4 SInv}
 84883 | Zig:22   | Got the Encyclopedia of Anathema
 84884 | Zig:22   | Identified the +1 short sword "Nado" {freeze, rCorr Dex+5}
 84885 | Zig:22   | Identified the +8 scimitar of the Leaping Ancients {freeze,
                  | *Slow Dex+5}
 84896 | Zig:22   | Identified the +8 glaive of Uthul {speed, *Corrode Will+++
                  | Str-4 Dex+5}
 84905 | Zig:22   | Identified the +6 rapier "Etouz" {freeze, Int+4}
 84923 | Zig:22   | Got the Grimoire of Rot
 85018 | Zig:23   | Entered Level 23 of a ziggurat
 85569 | Zig:23   | Found the +3 warlock's mirror {omnireflect}
 85584 | Zig:23   | Identified the +1 sling "Yllag" {heavy, rF+ Str+4 Dex+3}
 85590 | Zig:23   | Identified the +5 great sword "Qesasoff" {freeze, rElec
                  | Will+ Str+2}
 85596 | Zig:23   | Identified the +8 hand axe of Brawling {drain, Dex+9
                  | Stlth+}
 85647 | Zig:23   | Identified the +4 quarterstaff "Oqipinam" {flame, Fly
                  | Str+3}
 85659 | Zig:24   | Entered Level 24 of a ziggurat
 85685 | Zig:24   | Noticed a dread lich
 85686 | Zig:24   | Noticed a dread lich
 85687 | Zig:24   | Noticed an ancient lich
 85688 | Zig:24   | Noticed a dread lich
 85688 | Zig:24   | Noticed a dread lich
 85690 | Zig:24   | Killed a dread lich
 85690 | Zig:24   | Killed a dread lich
 85691 | Zig:24   | Killed a dread lich
 85691 | Zig:24   | Killed an ancient lich
 85692 | Zig:24   | Noticed a dread lich
 85694 | Zig:24   | Noticed a dread lich
 85694 | Zig:24   | Killed a dread lich
 85695 | Zig:24   | Noticed an ancient lich
 85696 | Zig:24   | Killed a dread lich
 85696 | Zig:24   | Killed a dread lich
 85699 | Zig:24   | Noticed a dread lich
 85702 | Zig:24   | Killed an ancient lich
 85702 | Zig:24   | Killed a dread lich
 86008 | Zig:24   | Identified the amulet of Secrets {Reflect +Blink Str+3
                  | SH+5}
 86012 | Zig:24   | Identified the staff of the Pill Bug {rElec rN+ rCorr MP-9
                  | Dex-4 SInv Necro}
 86014 | Zig:24   | Identified the staff of Turmoil {rElec rF+ rC++ SInv Air}
 86020 | Zig:24   | Identified the +1 flail of Scorn {venom, MP+9 Dex+4}
 86062 | Zig:25   | Entered Level 25 of a ziggurat
 86122 | Zig:25   | HP: 9/248 [searing wretch (5)]
 86122 | Zig:25   | Mangled by a searing wretch

Illustrated notes

Levels and vault maps discovered:
D:1:      erik_arrival_triangle_medium, layout_basic
D:2:      layout_basic, shapermc_ecumenical_altar_gd, uniq_natasha
D:3:      layout_basic, lemuel_round_altar, amcnicky_altar_gilded,
          serial_rivers, chequers_serial_rivers_micro_c,
          chequers_serial_rivers_large_a, chequers_serial_rivers_micro_a,
          chequers_serial_rivers_micro_e, uniq_crazy_yiuf_cottage, uniq_jessica,
          uniq_ijyb, uniq_grinder
D:4:      minmay_polygon_palace, layout_loops_ring, uniq_menkaure, uniq_pikel,
          uniq_edmund
D:5:      layout_loops_corners, lemuel_round_altar
D:6:      layout_cave_pools, mainiacjoe_overflow_concentric_impassable,
          temple_pool_b, doesnt_shop_hydraphobe
D:7:      layout_basic, kennysheep_generic_room_8, uniq_maurice
D:8:      layout_loops_corners, kb_lookout_dungeons_type, chequers_arboretum
D:9:      layout_irregular_city, tso_metal_star, lemuel_round_altar,
          mainiacjoe_overflow_boulevard, orc_0_dummy,
          nicolae_have_a_lightning_rod
D:10:     layout_stronghold, mainiacjoe_overflow_24_doors,
          mainiacjoe_overflow_catwalk, erik_lair_orcish_takeover, uniq_sonja
D:11:     minmay_the_grid_triangle_9x9_line_8_mashed
          [minmay_the_grid_triangle_9x9_zippers_horizontal,
          minmay_the_grid_triangle_9x9_thin_v,
          minmay_the_grid_triangle_9x9_alien,
          minmay_the_grid_triangle_9x9_wacky_v,
          minmay_the_grid_triangle_9x9_stretched_checkered,
          minmay_the_grid_triangle_9x9_subtriangle,
          minmay_the_grid_triangle_9x9_intruding_spiral,
          minmay_the_grid_triangle_9x9_prize_schism], layout_small_grid,
          serial_shops, shop, shop, kennysheep_mini
D:12:     layout_stronghold, feat_on_display, uniq_frances, uniq_lodul,
          uniq_rupert
D:13:     layout_stronghold, david_vaults_2, serial_column_ruins,
          column_ruins_square_medium, column_ruins_grid_2,
          column_ruins_open_tiny, column_ruins_grid_1, column_ruins_grid_1,
          column_ruins_grid_3, column_ruins_open_tiny
D:14:     layout_basic, bloody_trog
D:15:     grunt_enter_depths_magical_seal, layout_irregular_city, serial_shops,
          nicolae_shop_tiny_waterfront, minmay_misc_feat_nine_boxes, uniq_kirke
Lair:1:   layout_long_grid, uniq_maggie
Lair:2:   layout_chaotic_city, chequers_serial_rivers_room_b,
          grunt_megastairs_5, uniq_nergalle
Lair:3:   pond_and_an_island_with_a_cottage, layout_layer_cave,
          minmay_shoals_entry_lonely_mermaid, alex1729_snake_entry_snake,
          worms_lemuel
Lair:4:   layout_gridlike, lemuel_fruit_fields
Lair:5:   guppyfry_lair_end_dragon, layout_regular_city,
          hangedman_lair_in_review, dpeg_slime_entry_enclosed,
          minmay_stone_trees_small, grunt_forest_large_clearing_hut,
          infiniplex_staircase_pool_2, serial_bayou_shore_a
Shoals:1: layout_shoals
Shoals:2: layout_shoals, nicolae_shop_clearance, uniq_louise
Shoals:3: layout_shoals, nicolae_shop_vocational
Shoals:4: shoals_end_hellmonk_lost_city, uniq_polyphemus
Snake:1:  layout_honeycomb, serial_library,
          serial_library_hellmonk_small_alcove, serial_library_hellmonk_room_a,
          serial_library_hellmonk_octagon,
          serial_library_hellmonk_recessed_alcove,
          serial_library_regret_index_headful,
          serial_library_hellmonk_semicircle,
          serial_library_hellmonk_double_dead_end
Snake:2:  layout_cave_shapes, uniq_vashnia
Snake:3:  layout_layer_cave, serial_shops, shop, nicolae_diamond_shop,
          nicolae_shop_statue_plus, nicolae_book_shop_shelving, shop
Snake:4:  grunt_snake_rune_pools, layout_rooms, st_stairs_6, serial_bayou_pond_d
Slime:1:  layout_caves
Slime:2:  layout_caves, nicolae_slime_barrier, nicolae_slime_phagocytosis
Slime:3:  layout_caves, cheibrodos_slime_lost_civilization_6
Slime:4:  layout_caves
Slime:5:  slime_pit_nicolae_royal_road_to_ruin
Orc:1:    layout_diamond_mine, mines3_lemuel
Orc:2:    st_orc_ogre_mass, layout_caves, library_closet
Elf:1:    nicolae_elf_arrival_aired_out, layout_loops_corners, serial_shops,
          nicolae_shop_bloodbath_and_beyond
Elf:2:    elven_hall_of_blades_hangedman_alternative
          [nicolae_vaults_blade_armed_guards], layout_geoelf_octagon,
          serial_shops, nicolae_shop_hallway_plus, abandoned_shop, uniq_roxanne
Elf:3:    minmay_elf_hall, layout_loops_corners, basic_altar, drop_trap,
          uniq_nikola, uniq_mara, uniq_boris
Vaults:1: nicolae_vaults_diagonal_hallway_6, nicolae_vaults_shrinking_rooms_2,
          hangedman_vaults_stitches, nicolae_vaults_storage_closets_1,
          vaults_room_door_hall, serial_library_hellmonk_big_corner,
          ontoclasm_vaults_shuriken, nicolae_vaults_circle_grid_a,
          nicolae_vaults_surprise_closet, layout_vaults_chaotic_city
Vaults:2: mu_enter_wizlab_4, hangedman_vaults_slither, nicolae_vaults_mush_room,
          grunt_vaults_focal, v_misc_23, vaults_room_fancy_cross, v_misc_23,
          vaults_mumra_chevron, dpeg_vaults_monster_row,
          nicolae_vaults_wrenched, nicolae_vaults_storage_room_doors,
          nicolae_vaults_house_3, nicolae_vaults_diamond_2,
          layout_vaults_omnicross
Vaults:3: v_misc_3, nicolae_vaults_offset_grid_hallway_4, v_misc_4,
          vaults_room_corners, v_misc_28, nicolae_vaults_tetromino_L_1,
          ontoclasm_vaults_misaligned, grunt_vaults_hallway_short,
          nicolae_vaults_trapezoid_1, nicolae_vaults_variable_pillar_hall,
          nicolae_vaults_tetromino_Z_2, layout_vaults_quadrants,
          dummy_crypt_entry, serial_shops, nicolae_shop_rolled_up
Vaults:4: nicolae_vaults_more_shelving_1, gammafunk_its_a_trap,
          nicolae_vaults_trapezoid_2, nicolae_vaults_closet_pinwheel_1,
          nicolae_vaults_door_testing_chamber,
          nicolae_vaults_variable_pillar_hall, minmay_orc_keep,
          nicolae_vaults_theta, lemuel_angel_altar, v_pattern_2,
          hangedman_vaults_pinch, layout_vaults_maze, uniq_norris
Vaults:5
Crypt:1:  layout_gridlike, minmay_misc_feat_rows, uniq_sojobo
Depths:1: layout_honeycomb, serial_shops, bzr_entry_safe, grunt_mini_vestibule,
          abyss_entry_small_statue_room, chequers_serial_rivers_room_b,
          nicolae_shop_i_like_small_books_too, dk_noncrumbling_4,
          minmay_misc_feat_more_columns, corexii_corridor_pit, st_stairs_13,
          nicolae_ru_the_path_less_chosen, serial_bayou_shore_b
Depths:2: hangedman_hanging_gardens, layout_small_grid, enter_ziggurat_a,
          abyss_entry, serial_bayou_pond_e, grunt_pan_entry_in_and_out,
          grunt_hell_entry_dis_grunt, minmay_crystal_water,
          kennysheep_generic_room_2, uniq_josephina, uniq_bai_suzhen
Depths:3: minmay_swirls_squares, layout_honeycomb, abyss_entry, hell_entry,
          uniq_margery
Depths:4: grunt_twist_and_shout, layout_small_grid, minmay_misc_feat_columns,
          serial_shops, nicolae_shop_tiny_real_fake_doors, pf_coc_iceberg
Zot:1:    kennysheep_room_grid, layout_gridlike, uniq_vv, uniq_tiamat
Zig:25

Skill      XL: |  1  2  3  4  5  6  7  8  9 10 11 12 13 14 15 16 17 18 19 20 21 22 23 24 25 26 27 |
---------------+----------------------------------------------------------------------------------+-----
Alchemy        | 4 5 6 7 8 9 |  9.0
Spellcasting   | 3 4 5 6 7 10 12 14 15 17 26 | 26.0
Fire Magic     | 2 3 5 7 9 11 14 15 17 18 20 21 23 24 25 26 27 | 27.0
Fighting       | 3 8 10 12 13 14 15 | 15.1
Conjurations   | 8 11 14 15 17 18 20 21 23 24 25 26 27 | 27.0
Evocations     | 11 12 | 12.5
Shields        | 8 12 13 15 | 15.0
Air Magic      | 12 | 12.0
Dodging        | |  1.5
Stealth        | |  3.0

Action                     |  1- 3 |  4- 6 |  7- 9 | 10-12 | 13-15 | 16-18 | 19-21 | 22-24 | 25-27 || total
---------------------------+-------+-------+-------+-------+-------+-------+-------+-------+-------++-------
  Melee: Unarmed           |       |     2 |       |       |       |       |       |       |       ||     2
         Dagger            |       |    14 |    11 |       |       |       |       |       |       ||    25
         Dire flail        |       |       |    75 |   202 |   313 |       |       |       |       ||   590
         Constrict         |       |       |       |       |   115 |    89 |    99 |    60 |    58 ||   421
         Scimitar          |       |       |       |       |     2 |    26 |       |       |       ||    28
         Flail             |       |       |       |       |       |   197 |    54 |       |       ||   251
         Staff             |       |       |       |       |       |    11 |       |       |    15 ||    26
         Rapier            |       |       |       |       |       |     1 |       |       |       ||     1
         Bo                |       |       |       |       |       |       |   325 |   271 |   252 ||   848
   Cast: Sting             |    33 |    43 |    41 |    33 |    82 |    50 |       |       |       ||   282
         Sticky Flame      |       |     2 |    24 |    44 |    95 |    90 |   118 |    81 |    31 ||   485
         Mephitic Cloud    |       |     2 |     5 |    22 |    42 |    56 |    43 |     4 |       ||   174
         Olgreb's Toxic Ra |       |       |     6 |    68 |   116 |   144 |    72 |    48 |     9 ||   463
         Starburst         |       |       |       |       |    12 |    81 |    75 |    24 |    19 ||   211
         Yara's Violent Un |       |       |       |       |     2 |       |       |       |       ||     2
         Ignite Poison     |       |       |       |       |    14 |    90 |    27 |     7 |     5 ||   143
         Summon Blazeheart |       |       |       |       |       |     1 |       |       |       ||     1
         Freezing Cloud    |       |       |       |       |       |     5 |    18 |       |       ||    23
         Fire Storm        |       |       |       |       |       |       |    34 |   158 |   225 ||   417
         Ignition          |       |       |       |       |       |       |       |    19 |       ||    19
         Fulsome Fusillade |       |       |       |       |       |       |       |       |     5 ||     5
         Irradiate         |       |       |       |       |       |       |       |       |     2 ||     2
 Invoke: Call Merchant     |       |       |       |     2 |     1 |     2 |     1 |       |     1 ||     7
         Potion Petition   |       |       |       |       |       |       |       |       |     3 ||     3
Ability: Spit Poison       |    26 |    26 |    32 |    46 |    95 |   114 |    45 |    35 |    15 ||   434
         Breathe Poison Ga |       |       |       |       |       |       |       |       |    35 ||    35
         Evoke Blink       |       |       |       |       |       |       |       |       |     1 ||     1
  Evoke: Wand              |       |       |       |       |     6 |     1 |    26 |     1 |    44 ||    78
         Lightning rod     |       |       |       |       |     4 |       |    10 |       |    18 ||    32
         Tin of tremorston |       |       |       |       |       |     2 |     4 |       |     7 ||    13
         Gell's gravitambo |       |       |       |       |       |       |     5 |       |    10 ||    15
         Box of beasts     |       |       |       |       |       |       |       |     1 |     7 ||     8
         Phantom mirror    |       |       |       |       |       |       |       |       |     4 ||     4
    Use: Scroll            |       |       |    11 |    11 |     7 |     8 |     6 |     1 |    11 ||    55
         Potion            |       |       |       |       |       |     3 |     1 |       |    23 ||    27
   Stab: Confused          |       |     1 |       |     6 |    12 |     5 |     6 |     1 |       ||    31
         Sleeping          |       |       |     1 |       |       |       |     1 |     1 |       ||     3
         Paralysed         |       |       |       |     1 |       |       |       |       |       ||     1
         Distracted        |       |       |       |       |     2 |     2 |       |     2 |     3 ||     9
         Invisible         |       |       |       |       |       |       |     2 |       |       ||     2
 Armour: Robe              |    11 |    18 |    81 |   222 |   304 |   605 |   350 |       |       ||  1591
         Skin              |       |     1 |       |       |       |       |       |       |       ||     1
         Animal skin       |       |       |       |       |       |       |   520 |   597 |   665 ||  1782
  Dodge: Dodged            |    13 |    13 |    52 |   117 |   261 |   220 |   238 |   124 |   118 ||  1156
         Repelled          |       |       |       |       |       |       |    97 |    72 |     6 ||   175
  Block: Other             |       |       |       |       |    50 |   109 |    10 |       |       ||   169
         Reflection        |       |       |       |       |     2 |    28 |     1 |       |       ||    31
         Kite shield       |       |       |       |       |       |       |       |     1 |   349 ||   350

Table legend: (Time is in decaauts)
 A = Elapsed time spent in this place.
 B = Non-inter-level travel time spent in this place.
 C = Inter-level travel time spent in this place.
 D = Time resting spent in this place.
 E = Time spent auto-exploring this place.
 F = Levels seen in this place.
 G = Mean time per level.
                   A        B        C        D        E       F      G
               +--------+--------+--------+--------+--------+-----+--------+
         Total | 103183 |  95843 |   7340 |  10383 |  67399 |  76 | 1357.7 |
       Dungeon |  24526 |  21903 |   2623 |   1003 |  17874 |  15 | 1635.1 |
          Lair |  12535 |  11316 |   1219 |   1344 |   8362 |   5 | 2507.0 |
        Shoals |   8606 |   8379 |    227 |   2054 |   5052 |   4 | 2151.5 |
     Snake Pit |   7763 |   7317 |    446 |    842 |   5180 |   4 | 1940.8 |
    Slime Pits |   5324 |   5062 |    262 |    888 |   2998 |   5 | 1064.8 |
  Orcish Mines |   3156 |   2892 |    264 |    123 |   2183 |   2 | 1578.0 |
   Elven Halls |   6243 |   6024 |    219 |      6 |   5162 |   3 | 2081.0 |
        Vaults |  15495 |  14054 |   1441 |   2217 |   9238 |   5 | 3099.0 |
         Crypt |      4 |      4 |      0 |      0 |      0 |   1 |    4.0 |
        Depths |   9465 |   8841 |    624 |    788 |   6382 |   4 | 2366.2 |
           Zot |   1877 |   1866 |     11 |    125 |   1248 |   1 | 1877.0 |
      Ziggurat |   6385 |   6385 |      0 |    349 |   3215 |  25 |  255.4 |
        Bazaar |    145 |    145 |      0 |      0 |     80 |   1 |  145.0 |
        Wizlab |   1654 |   1654 |      0 |    640 |    421 |   1 | 1654.0 |
               +--------+--------+--------+--------+--------+-----+--------+

Top non-repeatable levels by time:
Vaults:4: 3965 daAuts
  Lair:3: 3962 daAuts
Vaults:1: 3636 daAuts
 Snake:1: 3596 daAuts
  Lair:5: 3555 daAuts
Depths:3: 2983 daAuts
Vaults:2: 2860 daAuts
Depths:2: 2854 daAuts
Shoals:3: 2781 daAuts
Vaults:3: 2591 daAuts
Vaults:5: 2441 daAuts
   Elf:3: 2407 daAuts
    D:10: 2265 daAuts
Shoals:4: 2225 daAuts
    D:13: 2177 daAuts
